 Dungeon Crawl Stone Soup version 0.29.1-12-g30fa7ad0bf (webtiles) character file.

Game seed: 7538324362997292737

220292 unlimited1921 the Sorcerer (level 19, -11/112 HPs)
             Began as a Djinni Fire Elementalist on Dec 21, 2022.
             Was the Champion of Fedhas.
             Killed from afar by a deep elf zephyrmancer (24 damage)
             ... with a bolt of lightning
             ... on level 1 of the Elven Halls on Dec 24, 2022.
             The game lasted 06:53:07 (40238 turns).

unlimited1921 the Sorcerer (DjFE)                  Turns: 40238, Time: 06:53:12

Health: -11/112    AC: 17    Str: 10    XL:     19   Next: 39%
Gold:   1756       EV: 17    Int: 30    God:    Fedhas [******] SH: 20 Dex: 25

rFire   + + +      SeeInvis +   a - +9 dagger of Tumult {vorpal, rC+ Int+2 Dex+2 SInv}
rCold   . . .      Faith    .   W - +2 tower shield {reflect}
rNeg    + . .      Spirit   .   Y - +4 troll leather armour
rPois   ∞          Reflect  +   k - +2 helmet
rElec   .          Harm     +   y - scarf {harm}
rCorr   +          Rampage  .   t - +2 pair of gloves {Dex+3}
Will    +....                   (boots unavailable)
Stlth   +++.......              q - amulet "Saco" {+Blink Regen+ rCorr Str+3}
HPRegen 1.88/turn               H - ring "Vepoott" {rPois rN+ Int+6 Dex+3 Slay+3}
MPRegen 0.00/turn               z - +4 ring of evasion

@: flying
A: sickness immunity, fire resistance 3, cold vulnerability 1, float, innate
caster, HP casting, extra vitality 1, iridescent scales 1, screaming 1
}: 2/15 runes: decaying, serpentine
a: Renounce Religion, Evoke Blink, Wall of Briars, Grow Ballistomycete,
Overgrow, Grow Oklob


You were on level 1 of the Elven Halls.
You worshipped Fedhas.
Fedhas was exalted by your worship.
You visited 8 branches of the dungeon, and saw 30 of its levels.
You also visited: Sewer.

You collected 3546 gold pieces.
You spent 1790 gold pieces at shops.

Inventory:

Hand Weapons
 a - the +9 dagger of Tumult (weapon) {vorpal, rC+ Int+2 Dex+2 SInv}
   (You found it on level 4 of the Dungeon)

   It inflicts extra damage upon your enemies.
   Int:       It affects your intelligence (+2).
   Dex:       It affects your dexterity (+2).
   rC:        It protects you from cold.
   SInv:      It lets you see invisible.
 p - a +3 dagger of holy wrath
 J - a +2 flail of protection
 K - a +9 longbow
 O - the +11 great sword "Sitar" {venom, rN+}
   (You took it off a fenstrider witch on level 4 of the Swamp)

   It poisons the flesh of those it strikes.
   rN:        It protects you from negative energy.
 R - a +3 mace of freezing
Missiles
 L - a silver boomerang
Armour
 k - a +2 helmet (worn)
 r - a +2 robe of cold resistance
 s - a +2 robe of willpower
 t - a +2 pair of gloves of dexterity (worn)
 y - a scarf of harm (worn)
 C - +0 acid dragon scales
 E - the +3 leather armour of the Crypt {Harm Dex+5}
   (You found it on level 4 of the Dungeon)

   Dex:       It affects your dexterity (+5).
   Harm:      It increases damage dealt and taken.
 W - a +2 tower shield of reflection (worn)
 X - the +2 leather armour of Apewyll {rC+++ rCorr Str+3 Int-3}
   (You bought it in a shop on level 2 of the Snake Pit)

   Str:       It affects your strength (+3).
   Int:       It affects your intelligence (-3).
   rC:        It renders you almost immune to cold.
   rCorr:     It protects you from acid and corrosion.
 Y - a +4 troll leather armour (worn)
Jewellery
 c - a ring of resist corrosion
 q - the amulet "Saco" (around neck) {+Blink Regen+ rCorr Str+3}
   (You bought it in a shop on level 2 of the Orcish Mines)

   [amulet of regeneration]

   Str:       It affects your strength (+3).
   +Blink:    It lets you blink.
   Regen:     It increases your rate of health regeneration.
   rCorr:     It protects you from acid and corrosion.
 z - a +4 ring of evasion (right hand)
 F - an amulet of the acrobat
 H - the ring "Vepoott" (left hand) {rPois rN+ Int+6 Dex+3 Slay+3}
   (You found it on level 1 of the Snake Pit)

   [ring of intelligence]

   Int:       It affects your intelligence (+6).
   Dex:       It affects your dexterity (+3).
   Slay:      It affects your accuracy & damage with ranged weapons and melee
   (+3).
   rPois:     It protects you from poison.
   rN:        It protects you from negative energy.
 M - a ring of ice
 N - the ring "Ficub" {Contam Will++ Str+6 Dex+4}
   (You found it on level 1 of the Snake Pit)

   [ring of strength]

   Str:       It affects your strength (+6).
   Dex:       It affects your dexterity (+4).
   Contam:    It causes magical contamination when unequipped.
   Will:      It greatly increases your willpower.
 Q - a ring of positive energy
Wands
 i - a wand of acid (13)
 A - a wand of charming (8)
 D - a wand of mindburst (26)
 T - a wand of digging (7)
 U - a wand of roots (25)
 Z - a wand of polymorph (1)
Scrolls
 e - 2 scrolls of fear
 f - 2 scrolls of magic mapping
 m - 2 scrolls of butterflies
 o - 3 scrolls of summoning
 v - 3 scrolls of enchant weapon
 w - 4 scrolls of poison
 B - 6 scrolls of teleportation
Potions
 d - 6 potions of brilliance
 g - 4 potions of heal wounds
 h - 14 potions of curing
 j - 7 potions of haste
 l - 2 potions of lignification
 n - 2 potions of resistance
 u - 7 potions of berserk rage
 I - a potion of invisibility
 P - 2 potions of mutation
 V - a potion of cancellation
Miscellaneous
 x - a phial of floods
 G - a lightning rod (4/4)
 S - a phantom mirror


   Skills:
 + Level 3.1 Fighting
 + Level 3.3 Short Blades
 * Level 6.5 Armour
 + Level 6.0 Dodging
 + Level 5.2 Stealth
 + Level 8.3 Shields
 + Level 0.1 Unarmed Combat
 + Level 22.0 Spellcasting
 * Level 9.7 Invocations


You had 11 spell levels left.
You knew the following spells:

 Your Spells              Type           Power      Damage    Failure   Level
a - Foxfire               Conj/Fire      100%       2x1d9     0%          1
b - Scorch                Fire           100%       2d10      0%          2
c - Conjure Flame         Conj/Fire      100%       6-21      0%          3
d - Inner Flame           Hex/Fire       100%       N/A       0%          3
e - Flame Wave            Conj/Fire      100%       2d21      0%          4
f - Freeze                Ice            100%       1d11      0%          1
g - Passwall              Tmut/Erth      87%        N/A       0%          2
h - Stone Arrow           Conj/Erth      100%       3d13      0%          3
i - Call Canine Familiar  Summ           100%       N/A       0%          3
j - Summon Mana Viper     Hex/Summ       100%       N/A       1%          5
k - Borgnjor's Vile Clut  Necr/Erth      52%        N/A       1%          5
l - Death Channel         Necr           52%        N/A       1%          6
m - Haunt                 Necr/Summ      52%        N/A       1%          7
n - Dispersal             Tloc           52%        N/A       1%          6
Your spell library was empty.

Dungeon Overview and Level Annotations

Branches:
Dungeon (12/15)            Temple (1/1) D:7            Lair (5/5) D:11
  Swamp (4/4) Lair:2        Snake (4/4) Lair:3        Slime (1/5) Lair:4
    Orc (2/2) D:11            Elf (1/3) Orc:2         Sewer (visited)

Altars:
Ashenzari
Cheibriados
Dithmenos
Elyvilon
Fedhas
Gozag
Hepliaklqana
Makhleb
Nemelex Xobeh
Okawaru
Qazlal
Ru
Trog
Uskayaw
Wu Jian
Xom
Yredelemnul
Zin
The Shining One
Jiyva

Shops:
D:1 [*   D:3 =   Orc:2 ([*=!   Snake:2 *(

Portals:
Trove: D:11 (lose all piety)

Annotations:
Swamp:2 2 transporters, Cheops's ghost, adept MiFi
Orc:2 3 runed translucent doors, exclusion: obsidian statue, Oddbjorg's ghost, journeyman DrDe


Innate Abilities, Weirdness & Mutations

You are immune to sickness and miasma.
You are immune to poison.
Your flesh is almost immune to the effects of heat. (rF+++)
You are vulnerable to cold. (rC-)
You float through the air rather than walking.
You learn spells naturally, not from books.
Your magical power is your life essence.
You have superior vitality. (+4 MHP)
You are partially covered in iridescent scales. (AC +2)
You occasionally shout uncontrollably at your foes.


Message History

Press: ? - help, v - describe, . - travel
Here: an air elemental The floor.
Press: ? - help, v - describe, . - travel
Here: a deep elf zephyrmancer, wielding a +0 short sword The floor.
Unknown command.
Blink to where?
Press: ? - help, Dir - move target, p - deep elf knight The zombie hands lose their grip on something.
As you read the scroll of blinking, it crumbles to dust.
The deep elf knight shouts!
You start resting.
A deep elf knight is nearby!
Casting: Borgnjor's Vile Clutch (safe; 1% risk of failure)
Confirm with . or Enter, or press ? or * to list all spells.
Aiming: Borgnjor's Vile Clutch (safe; 1% risk of failure)
Press: ? - help, Shift-Dir - straight line, f - deep elf knight
Aim: a deep elf knight, wielding a +0 scimitar and wearing a +0 leather armour (severely wounded, 100% to hit)
Zombie hands grab the deep elf knight.
The zombie hands constrict the deep elf knight.
The deep elf knight casts a spell.
The deep elf knight seems to speed up.
The zombie hands constrict the deep elf knight!
The deep elf knight struggles to escape constriction.
Casting: Borgnjor's Vile Clutch (safe; 1% risk of failure)
Confirm with . or Enter, or press ? or * to list all spells.
Aiming: Haunt (dangerous; 1% risk of failure)
Press: ? - help, Dir - move target, f - deep elf zephyrmancer, p - deep elf knight
Aim: a deep elf zephyrmancer, wielding a +0 short sword Insubstantial figures form in the air.
The zombie hands constrict the deep elf knight.
You kill the deep elf knight!
Fedhas appreciates your contribution to the ecosystem.
The deep elf zephyrmancer points at you and mumbles some strange words.
The bolt of lightning hits your warg!! The bolt of lightning hits you!!
* * * LOW HITPOINT WARNING * * *
The bolt of lightning hits you!!
You die...
Fedhas appreciates your contribution to the ecosystem.

.e...######..#
#.§........# ... #..#
#§........## . #..#
##.##.....##
####..###.###....)##
.....?.[[###)##.##.#
.>...#.)####<#####.##
#.#.###.###.# #.## ##.#
##.#.##.# #.####.# #.##
.....^.## ##@###.## ##.#
e #.#.##.## #h.###.###.##
E.#.#.#...###.##.##)....#
....#.#....#.# #....#####
#...#...#)## #.#.#######
#...))..eW.###.#.....>..
#..)).....#....#########
#...h..W.###.#.#
...e###...## ##..#


You could see a deep elf zephyrmancer (ally target), 2 friendly wraiths and a
friendly warg (summoned).

Vanquished Creatures
  Agnes (Snake:2)
  3 fenstrider witches (Swamp:4)
  4 azure jellies (Lair:4)
  4 nagarajas (Snake:4)
  An orc warlord (Orc:2)
  A ghoul (Swamp:4)
  A reaper (Swamp:4)
  3 eleionomae
  A deep elf annihilator (Elf:1)
  6 bunyips
  The ghost of Cegin the Spear-Bearer, a journeyman MiBe of Trog (Lair:4)
  2 dire elephants (Swamp:1)
  A blizzard demon (Swamp:4)
  6 hydras
  2 ogre magi (Swamp:4)
  The ghost of BillyBaka the Fighter, a journeyman MiFi of Hepliaklqana (D:10)
  11 anacondas
  2 ghost crabs
  12 naga warriors
  A spriggan air mage (Swamp:4)
  Erica (Orc:1)
  2 dancing weapons (Elf:1)
  6 alligators
  13 death yaks
  2 two-headed ogres (D:11)
  An orc high priest (Orc:2)
  9 naga sharpshooters
  A soul eater (Swamp:4)
  3 spriggans
  3 shock serpents
  Nergalle (Lair:3)
  4 deep elf knights
  9 goliath frogs
  6 salamander mystics
  3 death drakes
  A sixfirhy (Swamp:4)
  3 skeletal warriors
  3 spriggan druids
  3 swamp dragons
  4 naga ritualists
  A bog body (Swamp:2)
  4 deep elf archers
  3 orc knights
  4 deep elf zephyrmancers (Elf:1)
  3 wizards (Swamp:4)
  17 mana vipers
  A manticore (D:11)
  4 orc sorcerers
  7 will-o-the-wisps
  11 salamanders
  3 deep elf pyromancers (Elf:1)
  A cyclops (D:11)
  6 elephants (Lair:3)
  23 black mambas
  16 naga magi
  22 cane toads
  A kobold demonologist (D:10)
  An orange demon (Swamp:4)
  3 rime drakes
  2 freezing wraiths (D:10)
  4 komodo dragons
  A guardian mummy (D:11)
  3 hellwings (Swamp:4)
  4 trolls
  8 tyrant leeches
  A bloated husk (Swamp:4)
  2 polar bears (Lair:5)
  5 hornets
  41 blink frogs
  5 slime creatures
  A raiju (Swamp:1)
  11 dream sheep
  3 shadows
  Sigmund (D:2)
  4 wraiths
  2 air elementals (Elf:1)
  A fire elemental (Lair:2)
  2 wyverns
  46 yaks
  A vampire (D:9)
  A basilisk (Lair:1)
  11 vampire mosquitoes
  A neqoxec (Swamp:4)
  2 steam dragons
  A chaos spawn (Swamp:4)
  13 wargs
  Menkaure (D:4)
  14 swamp worms
  20 water moccasins
  2 acid dragons
  23 nagas
  22 orc warriors
  A swamp drake (Swamp:4)
  An ice beast (D:7)
  A black bear (D:6)
  11 wolves
  5 ogres
  A centaur (D:9)
  4 kobold brigands
  4 phantoms
  2 necrophages
  2 gnoll sergeants
  21 bullfrogs
  3 scorpions
  10 wights
  2 troll zombies (D:11)
  5 killer bees (D:8)
  A howler monkey (D:8)
  4 electric eels
  2 hounds
  A jelly (D:6)
  22 orc priests
  3 gnoll boudas
  3 iguanas
  Natasha (thrice) (D:3)
  32 orc wizards
  2 lightning spires (Swamp:2)
  6 ogre zombies (D:11)
  25 gnolls
  6 adders
  2 shadow imps (D:4)
  2 ufetubi
  4 dart slugs
  83 orcs
  5 ball pythons
  3 bats
  6 endoplasms
  7 giant cockroaches
  12 goblins
  9 hobgoblins
  22 kobolds
  7 quokkas
  2 frilled lizards
  A goblin skeleton (D:11)
  3 goblin zombies (D:11)
  3 hobgoblin skeletons (D:11)
  5 hobgoblin zombies (D:11)
  6 orc skeletons (D:11)
  7 orc zombies (D:11)
  7 rats
911 creatures vanquished.

Vanquished Creatures (collateral kills)
  Nikola (Snake:2)
  2 tentacled monstrosities (Swamp:4)
  Mlioglotl (Snake:1)
  6 acid blobs (Lair:4)
  Donald (Snake:1)
  An azure jelly (Lair:4)
  A nagaraja (Snake:4)
  Aizul (Snake:1)
  A quicksilver ooze (Lair:4)
  A bunyip (Swamp:4)
  A hydra (Lair:5)
  A spriggan air mage (Swamp:4)
  2 naga sharpshooters
  A shock serpent (Snake:4)
  A deep elf knight (Elf:1)
  A fire crab (Lair:5)
  A salamander mystic (Snake:4)
  A death drake (Swamp:4)
  A spriggan druid (Swamp:4)
  A naga ritualist (Snake:4)
  A deep elf pyromancer (Swamp:4)
  A deep elf zephyrmancer (Elf:1)
  A mana viper (Snake:1)
  2 black mambas
  An eye of devastation (Lair:4)
  2 cane toads
  3 naga magi
  A kobold demonologist (D:10)
  A tyrant leech (Lair:5)
  A slime creature (Lair:4)
  A dream sheep (Lair:3)
  A blink frog (Lair:5)
  A spriggan (Swamp:4)
  A wraith (D:10)
  A neqoxec (Swamp:4)
  3 nagas
  3 water moccasins
  2 orc warriors
  A wolf (Lair:5)
  A bullfrog (Lair:4)
  An earth elemental (Elf:1)
  An orc priest (Orc:1)
  An orc wizard (Orc:2)
  2 orcs (Orc:2)
  4 foxfires (D:4)
65 creatures vanquished.

Vanquished Creatures (others)
  A thorn hunter (Swamp:4)
  2 shambling mangroves (Swamp:4)
  An alligator (Swamp:1)
  A swamp dragon (Swamp:4)
  A deep elf pyromancer (Swamp:4)
  4 hornets (Swamp:4)
  A chaos spawn (Swamp:4)
  A swamp worm (Swamp:3)
  2 ball lightnings (Swamp:2)
  1778 foxfires
  36 fungi
  122 plants
1950 creatures vanquished.

Grand Total: 2926 creatures vanquished

Notes
Turn   | Place    | Note
-------+----------+-------------------------------------------
     0 | D:1      | unlimited1921 the Djinni Fire Elementalist began the quest
                  | for the Orb.
     0 | D:1      | unlimited1921 set off with the following spells memorised:
                  | Foxfire, Scorch, Conjure Flame, Inner Flame, Flame Wave.
     0 | D:1      | Reached XP level 1. HP: 15/15 MP: 0/0
    20 | D:1      | Found a faded altar of an unknown god.
   484 | D:1      | Reached XP level 2. HP: 5/21 MP: 0/0
   724 | D:1      | Found Meklisch's General Store.
  1428 | D:1      | You are sucked into a shaft and drop 1 floor!
  1436 | D:2      | Noticed Sigmund
  1450 | D:2      | Reached skill level 3 in Spellcasting
  1450 | D:2      | Reached XP level 3. HP: 19/25 MP: 0/0
  1450 | D:2      | Learned a level 1 spell: Freeze
  3582 | D:2      | Killed Sigmund
  3583 | D:2      | Reached skill level 4 in Spellcasting
  3583 | D:2      | Reached XP level 4. HP: 22/31 MP: 0/0
  3583 | D:2      | Reached XP level 5. HP: 25/35 MP: 0/0
  3583 | D:2      | Learned a level 2 spell: Passwall
  3583 | D:2      | Reached XP level 6. HP: 29/40 MP: 0/0
  4325 | D:1      | Found Robraeh's Armour Boutique.
  5146 | D:1      | Bought a +2 robe of willpower for 177 gold pieces
  6045 | D:3      | Noticed Natasha
  6047 | D:3      | Killed Natasha
  6247 | D:3      | Found Fubag's Jewellery Shop.
  6559 | D:3      | Noticed Natasha
  6562 | D:3      | Killed Natasha
  6891 | D:3      | Noticed Natasha
  6893 | D:3      | Killed Natasha
  7011 | D:3      | Reached skill level 1 in Armour
  7011 | D:3      | Reached skill level 5 in Spellcasting
  7011 | D:3      | Reached XP level 7. HP: 36/45 MP: 0/0
  7011 | D:3      | Learned a level 3 spell: Stone Arrow
  7175 | D:4      | Found a transporter.
  7193 | D:4      | Identified the +9 dagger of Tumult {vorpal, rC+ Int+2 Dex+2
                  | SInv}
  7235 | D:4      | Found a transporter.
  7330 | D:4      | Noticed Menkaure
  7343 | D:4      | Killed Menkaure
  7344 | D:4      | Reached skill level 6 in Spellcasting
  7443 | D:4      | Reached XP level 8. HP: 24/50 MP: 0/0
  7813 | D:4      | Found a glowing drain.
  7826 | Sewer    | Entered a sewer
  7999 | Sewer    | Found a white marble altar of Elyvilon.
  8012 | Sewer    | Became a worshipper of Elyvilon the Healer
  9377 | D:4      | Identified the +3 leather armour of the Crypt {Harm Dex+5}
  9433 | D:5      | Entered Level 5 of the Dungeon
  9584 | D:5      | Reached skill level 7 in Spellcasting
  9657 | D:5      | Found a shadowy altar of Dithmenos.
  9658 | D:5      | Reached * piety under Elyvilon
 11046 | D:6      | Reached XP level 9. HP: 38/55 MP: 0/0
 11046 | D:6      | Learned a level 3 spell: Call Canine Familiar
 11248 | D:6      | Reached ** piety under Elyvilon
 11252 | D:6      | Reached skill level 8 in Spellcasting
 12063 | D:7      | Found a staircase to the Ecumenical Temple.
 12563 | D:7      | Reached *** piety under Elyvilon
 12593 | D:7      | Reached skill level 9 in Spellcasting
 13838 | D:8      | Reached XP level 10. HP: 57/60 MP: 0/0
 14004 | D:8      | Reached skill level 10 in Spellcasting
 14516 | D:8      | Noticed a +0 dagger
 14516 | D:8      | Noticed a +0 falchion
 14517 | D:8      | Noticed a +0 short sword
 14519 | D:8      | Noticed a +0 short sword
 14519 | D:8      | Noticed a +0 spear
 14520 | D:8      | Noticed a +0 spear
 14520 | D:8      | Noticed a +0 falchion
 14529 | D:8      | Noticed a +0 dagger
 14533 | D:8      | Found a hide-covered altar of Uskayaw.
 14997 | D:8      | Reached **** piety under Elyvilon
 15430 | D:9      | Reached skill level 11 in Spellcasting
 16079 | D:9      | Was placed under penance by Elyvilon
 16577 | D:10     | Entered Level 10 of the Dungeon
 16588 | D:10     | Reached XP level 11. HP: 44/65 MP: 0/0
 16588 | D:10     | Learned a level 5 spell: Summon Mana Viper
 16638 | D:10     | Noticed a soul eater
 17043 | D:10     | Was forgiven by Elyvilon
 17173 | D:10     | Found a runed translucent gate.
 17173 | D:10     | Noticed BillyBaka's ghost (journeyman MiFi)
 17209 | D:10     | Found a runed translucent gate.
 17210 | D:10     | Found a runed translucent gate.
 17587 | D:10     | Reached skill level 12 in Spellcasting
 19101 | D:3      | Bought an amulet of regeneration for 360 gold pieces
 19296 | D:11     | Noticed a six-headed hydra
 19302 | D:11     | Killed a six-headed hydra
 19312 | D:11     | Reached ***** piety under Elyvilon
 19340 | D:11     | Noticed a two-headed ogre
 19350 | D:11     | Killed a two-headed ogre
 19374 | D:11     | Was placed under penance by Elyvilon
 19470 | D:11     | Found a staircase to the Orcish Mines.
 19763 | D:11     | Noticed a four-headed hydra
 19769 | D:11     | Killed a four-headed hydra
 19783 | D:11     | Reached skill level 13 in Spellcasting
 19880 | D:11     | Noticed a two-headed ogre
 19886 | D:11     | Killed a two-headed ogre
 19942 | D:11     | Found a staircase to the Lair.
 19960 | D:11     | Reached XP level 12. HP: 53/70 MP: 0/0
 20019 | D:11     | Was forgiven by Elyvilon
 20328 | D:11     | Found a portal to a secret trove of treasure.
 20836 | Orc:1    | Entered Level 1 of the Orcish Mines
 20843 | Orc:1    | Reached skill level 1 in Shields
 20919 | Orc:2    | Entered Level 2 of the Orcish Mines
 20919 | Orc:2    | Found a staircase to the Elven Halls.
 21063 | Orc:1    | Noticed Erica
 21072 | Orc:1    | Killed Erica
 21073 | Orc:1    | Reached skill level 14 in Spellcasting
 21713 | Orc:2    | Was placed under penance by Elyvilon
 21922 | Orc:2    | Reached skill level 1 in Short Blades
 22105 | Orc:2    | Found a runed translucent gate.
 22106 | Orc:2    | Found a runed translucent gate.
 22107 | Orc:2    | Found a runed translucent gate.
 22191 | Orc:2    | Found Vuemalam's Jewellery Shoppe.
 22200 | Orc:2    | Bought the amulet "Saco" {+Blink Regen+ rCorr Str+3} for
                  | 726 gold pieces
 22294 | Orc:2    | Reached XP level 13. HP: 73/75 MP: 0/0
 22294 | Orc:2    | Learned a level 5 spell: Borgnjor's Vile Clutch
 22363 | Orc:2    | Found Niduc's Distillery.
 22394 | Orc:2    | Found an opulent altar of Gozag.
 22396 | Orc:2    | Found Ago Itiu's Assorted Antiques.
 22399 | Orc:2    | Noticed Oddbjorg's ghost (journeyman DrDe)
 22670 | Orc:2    | Reached skill level 15 in Spellcasting
 22675 | Orc:2    | Noticed an orc warlord
 22746 | Orc:2    | Killed an orc warlord
 22895 | Orc:2    | Found Nuqonofruku's Antique Armour Shop.
 22897 | Orc:2    | Found Axtonacw's Antique Weapon Boutique.
 23263 | Elf:1    | Entered Level 1 of the Elven Halls
 23515 | Elf:1    | Reached skill level 16 in Spellcasting
 23562 | Elf:1    | Paralysed by an air elemental for 1 turns
 23566 | Elf:1    | Noticed a deep elf annihilator
 23567 | Elf:1    | Paralysed by an air elemental for 1 turns
 23570 | Elf:1    | Killed a deep elf annihilator
 23588 | Elf:1    | Fell from the grace of Elyvilon
 23726 | D:12     | Noticed a five-headed hydra
 24068 | Temple   | Entered the Ecumenical Temple
 24293 | Temple   | Gained mutation: You do not regenerate when monsters are
                  | visible. [potion of mutation]
 24293 | Temple   | Gained mutation: Your mind is acute. (Int +4, Str/Dex -1)
                  | [potion of mutation]
 24293 | Temple   | Gained mutation: Your muscles are strong. (Str +4, Int/Dex
                  | -1) [potion of mutation]
 24294 | Temple   | Lost mutation: You do not regenerate when monsters are
                  | visible. [potion of mutation]
 24294 | Temple   | Lost mutation: Your muscles are strong. (Str +4, Int/Dex
                  | -1) [potion of mutation]
 24294 | Temple   | Lost mutation: Your mind is acute. (Int +4, Str/Dex -1)
                  | [potion of mutation]
 24294 | Temple   | Gained mutation: You occasionally lose the ability to read
                  | scrolls when taking damage. [potion of mutation]
 24294 | Temple   | Gained mutation: You do not regenerate when monsters are
                  | visible. [potion of mutation]
 24295 | Temple   | Lost mutation: You occasionally lose the ability to read
                  | scrolls when taking damage. [potion of mutation]
 24295 | Temple   | Lost mutation: You do not regenerate when monsters are
                  | visible. [potion of mutation]
 24295 | Temple   | Gained mutation: You are partially covered in iridescent
                  | scales. (AC +2) [potion of mutation]
 24295 | Temple   | Gained mutation: Your flesh is almost immune to the effects
                  | of heat. (rF+++) [potion of mutation]
 24383 | Temple   | Became a worshipper of Fedhas Madash
 24537 | D:10     | Killed BillyBaka's ghost
 24538 | D:10     | Reached XP level 14. HP: 76/81 MP: 0/0
 24776 | Lair:1   | Entered Level 1 of the Lair of Beasts
 24875 | Lair:1   | Reached * piety under Fedhas
 24876 | Lair:1   | Reached skill level 1 in Fighting
 24879 | Lair:1   | Reached skill level 5 in Armour
 25669 | Lair:2   | Reached skill level 17 in Spellcasting
 25674 | Lair:2   | Reached ** piety under Fedhas
 25799 | Lair:2   | Found a staircase to the Swamp.
 26717 | Swamp:1  | Entered Level 1 of the Swamp
 26747 | Swamp:1  | Noticed a bunyip
 26752 | Swamp:1  | Killed a bunyip
 27277 | Swamp:1  | Reached skill level 18 in Spellcasting
 27296 | Swamp:1  | Noticed a dire elephant
 27298 | Swamp:1  | Reached XP level 15. HP: 66/88 MP: 0/0
 27298 | Swamp:1  | Learned a level 6 spell: Death Channel
 27305 | Swamp:1  | Reached *** piety under Fedhas
 28072 | Swamp:2  | Reached skill level 1 in Invocations
 28275 | Swamp:2  | Found a transporter.
 28334 | Swamp:2  | Found a transporter.
 28340 | Swamp:2  | Noticed Cheops's ghost (adept MiFi)
 28891 | Swamp:3  | Noticed a thorn hunter
 29617 | Swamp:4  | Entered Level 4 of the Swamp
 29694 | Swamp:4  | Killed a thorn hunter
 29824 | Swamp:4  | Noticed a reaper
 29833 | Swamp:4  | Killed a reaper
 29834 | Swamp:4  | Reached skill level 19 in Spellcasting
 29886 | Swamp:4  | Identified the +11 great sword "Sitar" {venom, rN+}
 29886 | Swamp:4  | Noticed a fenstrider witch
 29892 | Swamp:4  | Reached **** piety under Fedhas
 29895 | Swamp:4  | Reached XP level 16. HP: 72/94 MP: 0/0
 29896 | Swamp:4  | Paralysed by a fenstrider witch for 4 turns
 29899 | Swamp:4  | Killed a fenstrider witch
 29945 | Swamp:4  | Noticed a fenstrider witch
 29947 | Swamp:4  | Noticed a fenstrider witch
 29948 | Swamp:4  | Killed a fenstrider witch
 29952 | Swamp:4  | Paralysed by a fenstrider witch for 2 turns
 29953 | Swamp:4  | Killed a fenstrider witch
 29994 | Swamp:4  | Noticed a tentacled monstrosity
 29996 | Swamp:4  | Noticed a tentacled monstrosity
 30001 | Swamp:4  | Killed a tentacled monstrosity
 30006 | Swamp:4  | Killed a tentacled monstrosity
 30061 | Swamp:4  | Reached skill level 5 in Shields
 30156 | Swamp:4  | Got a decaying rune of Zot
 31058 | Lair:3   | Noticed Nergalle
 31063 | Lair:3   | Killed Nergalle
 31064 | Lair:3   | Reached skill level 5 in Invocations
 31113 | Lair:3   | Reached skill level 5 in Dodging
 31365 | Lair:3   | Reached ***** piety under Fedhas
 31510 | Lair:3   | Found a staircase to the Snake Pit.
 32170 | Lair:4   | Found a runed translucent gate.
 32170 | Lair:4   | Found a runed translucent gate.
 32171 | Lair:4   | Found a runed translucent gate.
 32171 | Lair:4   | Noticed an azure jelly
 32173 | Lair:4   | Noticed an azure jelly
 32173 | Lair:4   | Noticed an acid blob
 32174 | Lair:4   | Noticed an acid blob
 32174 | Lair:4   | Noticed an azure jelly
 32175 | Lair:4   | Noticed an azure jelly
 32175 | Lair:4   | Noticed an acid blob
 32175 | Lair:4   | Noticed Cegin's ghost (journeyman MiBe)
 32177 | Lair:4   | Noticed an acid blob
 32177 | Lair:4   | Noticed an azure jelly
 32177 | Lair:4   | Noticed an acid blob
 32178 | Lair:4   | Noticed an acid blob
 32183 | Lair:4   | Found a viscous altar of Jiyva.
 32228 | Lair:4   | Found a staircase to the Slime Pits.
 32343 | Lair:4   | Reached skill level 20 in Spellcasting
 32344 | Lair:4   | Reached skill level 5 in Stealth
 32702 | Lair:5   | Entered Level 5 of the Lair of Beasts
 32716 | Lair:5   | Reached XP level 17. HP: 97/100 MP: 0/0
 32716 | Lair:5   | Learned a level 7 spell: Haunt
 32867 | Lair:5   | Reached ****** piety under Fedhas
 33860 | Lair:4   | Killed an acid blob
 33873 | Lair:4   | Killed an acid blob
 33880 | Lair:4   | Killed an acid blob
 33881 | Lair:4   | Killed an acid blob
 33883 | Lair:4   | Killed an acid blob
 33892 | Lair:4   | Killed Cegin's ghost
 33895 | Lair:4   | Killed an acid blob
 34001 | Slime:1  | Entered Level 1 of the Pits of Slime
 34071 | Snake:1  | Entered Level 1 of the Snake Pit
 34249 | Snake:1  | Identified a scroll of acquirement
 34278 | Snake:1  | Noticed Mlioglotl
 34283 | Snake:1  | Killed Mlioglotl
 34425 | Snake:1  | Identified the ring "Ficub" {Contam Will++ Str+6 Dex+4}
 34848 | Snake:1  | Noticed Donald
 34850 | Snake:1  | Reached XP level 18. HP: 101/106 MP: 0/0
 34859 | Snake:1  | Killed Donald
 35118 | Snake:1  | Identified the ring "Vepoott" {rPois rN+ Int+6 Dex+3
                  | Slay+3}
 35124 | Snake:1  | Gained mutation: You occasionally shout uncontrollably at
                  | your foes. [mutagenic glow]
 35253 | Snake:1  | Noticed Aizul
 35258 | Snake:1  | Killed Aizul
 35272 | Snake:2  | Noticed Agnes
 35277 | Snake:2  | Killed Agnes
 35422 | Snake:2  | Found Jany's Assorted Antiques.
 35428 | Snake:2  | Found Dovvekh's Antique Weapon Emporium.
 35473 | Snake:2  | Reached skill level 21 in Spellcasting
 35733 | Snake:2  | Bought a jewelled leather armour for 252 gold pieces
 35733 | Snake:2  | Identified the +2 leather armour of Apewyll {rC+++ rCorr
                  | Str+3 Int-3} (You bought it in a shop on level 2 of the
                  | Snake Pit)
 35764 | Snake:2  | Noticed Nikola
 35778 | Snake:2  | Killed Nikola
 36014 | Snake:2  | Acquired 880 gold pieces
 37344 | Snake:3  | Identified the +2 falchion "Jacumomir" {flame, rPois rCorr}
 37490 | Snake:4  | Entered Level 4 of the Snake Pit
 38197 | Snake:4  | Reached XP level 19. HP: 71/112 MP: 0/0
 38197 | Snake:4  | Learned a level 6 spell: Dispersal
 38479 | Snake:4  | Got a serpentine rune of Zot
 38952 | Snake:4  | Reached skill level 22 in Spellcasting
 40114 | Orc:2    | Bought a masterwork arbalest for 275 gold pieces
 40114 | Orc:2    | Identified the +5 arbalest of the Hummingbird {flame,
                  | rPois} (You bought it in a shop on level 2 of the Orcish
                  | Mines)
 40225 | Elf:1    | Paralysed by an air elemental for 1 turns
 40238 | Elf:1    | Killed from afar by a deep elf zephyrmancer

Illustrated notes

Levels and vault maps discovered:
D:1:      ncdulo_smallfort, layout_loops_corners,
          hellmonk_ecumenical_altar_arch_garden, serial_shops,
          nicolae_shop_stone, nicolae_shop_window_shopping, minmay_hexomino_f4
D:2:      layout_basic, grunt_ministairs_9, hex_medium, minmay_tall_x,
          uniq_sigmund, uniq_crazy_yiuf_cottage
D:3:      kennysheep_the_goblin_king, layout_loops_cross, serial_shops,
          shop_fountains, nicolae_figureground_sparkle, uniq_natasha
D:4:      gammafunk_wand_slinger, layout_gridville, gup_sewer_entry_pipe,
          uniq_menkaure
D:5:      layout_layer_cave, mainiacjoe_overflow_tiny_flanked,
          due_unseen_surprise
D:6:      layout_cave_pools
D:7:      layout_loops_cross, minmay_temple_entry_stoned_glass
D:8:      layout_rooms, nicolae_uskayaw_en_pointe, grunt_ministairs_14,
          chequers_big_river
D:9:      layout_stronghold
D:10:     layout_irregular_city, gammafunk_ghost_spectres
D:11:     layout_stronghold, erik_lair_orcish_takeover, zombieorc2_lemuel,
          nicolae_trove_entry_path_of_doom
D:12:     layout_rooms, uniq_sonja
Temple:   nicolae_temple_slightly_damp_pantheon
Lair:1:   layout_loops_ring
Lair:2:   layout_concentric_octagons, swamp_mist_pool,
          amcnicky_mini_pool_medium, infiniplex_staircase_pool
Lair:3:   layout_roguey, guppyfry_snake_entry_island, grunt_megastairs_4,
          serial_bayou_shore_a, uniq_nergalle
Lair:4:   layout_loops_ring, slime_entry_1, gammafunk_ghost_ooze,
          lemuel_fruit_fields
Lair:5:   minmay_lair_end_frog_pond, layout_layer_cave, serial_bayou_shore_b
Swamp:1:  layout_basic_swamp, evilmike_swamp_ruin_rubble_2, swamp_pool2,
          beargit_elvish_explorers
Swamp:2:  layout_basic_swamp, gammafunk_ghost_mausoleum,
          evilmike_swamp_ruin_house_5, hangedman_swamp_phenomena,
          infiniplex_staircase_pool_2
Swamp:3:  layout_falls_marsh, nicolae_swamp_bean_lake
Swamp:4:  nzn_swamp_witches_coven, layout_basic_swamp
Snake:1:  layout_honeycomb, drop_trap, nicolae_coiled_stairwell_down,
          uniq_mlioglotl, uniq_donald, uniq_aizul
Snake:2:  layout_misc_corridors, nicolae_snake_mages_go_home, minmay_shop_star,
          uniq_nikola, uniq_agnes
Snake:3:  layout_cave_town, lemuel_fruit_tree, nicolae_integral_box
Snake:4:  snake_pit, layout_layer_cave
Slime:1:  layout_caves
Orc:1:    layout_diamond_mine, mines5_lemuel, uniq_erica
Orc:2:    grunt_orc_community_town_hall, layout_caves,
          grunt_orc_community_big_house_1, grunt_orc_community_big_house_2,
          grunt_orc_community_house_2, grunt_orc_community_house_1,
          grunt_orc_community_house_2, grunt_orc_community_house_3,
          ebering_ghost_gozag
Elf:1:    layout_loops_ring, serial_shops, nicolae_shop_statue_plus,
          minivault_28, lemuel_upstairs_altar

Skill      XL: |  1  2  3  4  5  6  7  8  9 10 11 12 13 14 15 16 17 18 19 |
---------------+----------------------------------------------------------+-----
Spellcasting   | 3 4 5 6 7 9 11 13 14 16 18 19 20 21 22 | 22.0
Stealth        | 2 3 4 5 |  5.2
Armour         | 1 2 3 4 5 6 |  6.5
Dodging        | 3 4 5 6 |  6.0
Shields        | 1 4 6 7 8 |  8.3
Short Blades   | 1 2 3 |  3.3
Fighting       | 1 2 3 |  3.1
Invocations    | 3 5 7 9 |  9.7
Unarmed Combat | |  0.1

Action                   |  1- 3 |  4- 6 |  7- 9 | 10-12 | 13-15 | 16-18 | 19-21 || total
-------------------------+-------+-------+-------+-------+-------+-------+-------++-------
Melee: Unarmed           |     1 |       |       |       |       |       |       ||     1
       Dagger            |       |       |     9 |    14 |    19 |    89 |    12 ||   143
 Cast: Foxfire           |    73 |    44 |   176 |   316 |   236 |   130 |    61 ||  1036
       Scorch            |     4 |    17 |    37 |    83 |    48 |    32 |     3 ||   224
       Inner Flame       |       |     8 |    30 |    90 |   111 |    74 |    10 ||   323
       Stone Arrow       |       |       |     4 |    20 |    56 |    48 |    10 ||   138
       Freeze            |       |       |     3 |       |       |       |       ||     3
       Call Canine Famil |       |       |     1 |     8 |    27 |    42 |     8 ||    86
       Summon Mana Viper |       |       |       |     5 |    15 |    11 |       ||    31
       Flame Wave        |       |       |       |     4 |       |     6 |       ||    10
       Borgnjor's Vile C |       |       |       |       |   124 |   215 |    44 ||   383
       Death Channel     |       |       |       |       |     2 |     2 |     1 ||     5
       Haunt             |       |       |       |       |       |    20 |     1 ||    21
Invok: Renounce Religion |       |       |       |       |     1 |       |       ||     1
       Wall of Briars    |       |       |       |       |       |     3 |       ||     3
       Overgrow          |       |       |       |       |       |     1 |       ||     1
  Use: Scroll            |       |       |     9 |     3 |     6 |    13 |     2 ||    33
       Potion            |       |       |     1 |     2 |     8 |    10 |     1 ||    22
 Stab: Sleeping          |       |       |       |       |       |     3 |       ||     3
Armor: Robe              |     2 |       |     2 |       |       |       |       ||     4
       Leather armour    |       |       |     2 |    24 |     3 |       |       ||    29
       Troll leather arm |       |       |       |       |    18 |    53 |     6 ||    77
Dodge: Dodged            |    24 |     3 |    17 |    57 |    55 |   136 |    11 ||   303
Block: Buckler           |       |       |       |    19 |    25 |    50 |       ||    94
       Tower shield      |       |       |       |       |       |    48 |    25 ||    73
       Reflection        |       |       |       |       |       |    15 |    10 ||    25
       Kite shield       |       |       |       |       |       |     3 |       ||     3
